 Dungeon Crawl Stone Soup version 0.23.0 (webtiles) character file.

Game seed: 14141122627774869287

646582 Yuikono the Messiah (level 27, -8/251 HPs)
             Began as a Hill Orc Fighter on Feb 13, 2019.
             Was the Champion of Beogh.
             Mangled by a golden dragon (34 damage)
             ... while paralysed
             ... on level 1 of the Realm of Zot on Feb 14, 2019.
             The game lasted 04:56:12 (64483 turns).

Yuikono the Messiah (Hill Orc Fighter)             Turns: 64483, Time: 04:56:13

Health: -8/251     AC: 51    Str: 32    XL:     27
Magic:  40/40      EV:  2    Int:  8    God:    Beogh [******]
Gold:   3108       SH:  0    Dex: 13    Spells: 26/26 levels left

rFire    + + +     SeeInvis .   M - +10 zealot's sword {holy, *Rage rN+ EV+3}
rCold    + + +     Gourm    .   C - +2 shield of Resistance {rF+ rC+ MR+}
rNeg     + + +     Faith    .   e - +12 gold dragon scales
rPois    +         Spirit   .   v - +0 helmet "Meoqis" {rN+ Str+2}
rElec    +         Reflect  +   Q - +2 ratskin cloak {+Rats rPois rN+ Str-1 Int-1 Dex+1}
rCorr    +         Harm     .   x - +3 pair of gauntlets of War {Slay+5}
MR       ++++.     Rnd*Rage +   N - +1 pair of boots of the Chupacabra {rF+}
Stlth    ..........             X - +6 amulet of reflection
HPRegen  0.51/turn              H - +6 ring of slaying
MPRegen  0.27/turn              R - ring "Lifumitatie" {rCorr rF+}

@: paralysed, resistant, berserk cooldown, slowed, studying Dodging
A: walk on water, claws 1, thin metallic scales 1, yellow scales 1, agile 1,
magic resistance 1, MP-powered wands
}: 5/15 runes: decaying, slimy, silver, abyssal, gossamer
a: Smiting, Recall Orcish Followers, Give Item to Named Follower, Resurrection,
Renounce Religion, Evoke Ratskin


You were on level 1 of the Realm of Zot.
You worshipped Beogh.
Beogh was exalted by your worship.
You were very full.

You visited 11 branches of the dungeon, and saw 51 of its levels.
You visited the Abyss 1 time.
You also visited: Ice Cave.

You collected 7812 gold pieces.
You spent 4704 gold pieces at shops.

Inventory:

Hand Weapons
 g - the +8 frozen axe "Frostbite" {freezing cloud, *Noise +Fly rC+}
   (You found it on level 5 of the Pits of Slime)

   It has been specially enchanted to freeze those struck by it, causing extra
   injury to most foes and up to half again as much damage against particularly
   susceptible opponents.
   It can also slow down cold-blooded creatures.
   It protects you from cold.
   It lets you fly.
   It may make noises in combat.
 j - the +3 sling "Punk" {acid, rCorr}
   (You found it on level 3 of the Vaults)

   It provides partial protection from all sources of acid and corrosion.
 M - the +10 zealot's sword (weapon) {holy, *Rage rN+ EV+3}
   (You found it on level 5 of the Dungeon)

   It has been blessed by the Shining One to cause great damage to the undead
   and demons.
   It affects your evasion (+3).
   It protects you from negative energy.
   It may make you go berserk in combat.
Missiles
 t - 35 silver javelins (quivered)
 D - 35 javelins
Armour
 e - +12 gold dragon scales (worn)
 v - the +0 helmet "Meoqis" (worn) {rN+ Str+2}
   (You acquired it on level 2 of the Depths)

   It affects your strength (+2).
   It protects you from negative energy.
 x - the +3 pair of gauntlets of War (worn) {Slay+5}
   (You bought it in a shop on level 2 of the Orcish Mines)

   It affects your accuracy and damage with ranged weapons and melee attacks
   (+5).
 C - the +2 shield of Resistance (worn) {rF+ rC+ MR+}
   (You took it off a deep elf sorcerer on level 5 of the Vaults)

   It protects you from fire.
   It protects you from cold.
   It affects your resistance to hostile enchantments.
 N - the +1 pair of boots of the Chupacabra (worn) {rF+}
   (You bought it in a shop on level 2 of the Orcish Mines)

   It protects you from fire.
 Q - the +2 ratskin cloak (worn) {+Rats rPois rN+ Str-1 Int-1 Dex+1}
   (You found it on level 6 of the Dungeon)

   It affects your strength (-1).
   It affects your intelligence (-1).
   It affects your dexterity (+1).
   It protects you from poison.
   It protects you from negative energy.
Jewellery
 A - the ring "Venost" {rC+ MR+}
   (You found it on level 3 of the Elven Halls)

   [ring of protection from cold]

   It protects you from cold.
   It affects your resistance to hostile enchantments.
 H - a +6 ring of slaying (left hand)
 R - the ring "Lifumitatie" (right hand) {rCorr rF+}
   (You found it on level 3 of the Depths)

   [ring of resist corrosion]

   It protects you from fire.
 X - a +6 amulet of reflection (around neck)
Wands
 d - a wand of scattershot (26)
 K - a wand of iceblast (45)
 U - a wand of digging (38)
 Z - a wand of clouds (4)
Scrolls
 b - 5 scrolls of blinking
 c - a scroll of enchant armour
 i - 16 scrolls of remove curse
 l - 21 scrolls of teleportation
 n - 10 scrolls of enchant weapon
 u - 2 scrolls of holy word
 z - 11 scrolls of amnesia
 F - 3 scrolls of torment
 I - 5 scrolls of fear
 L - 7 scrolls of vulnerability
 O - 3 scrolls of summoning
 P - 10 scrolls of fog
 T - 11 scrolls of magic mapping
Potions
 a - a potion of ambrosia
 m - 7 potions of resistance
 o - 16 potions of curing
 p - 2 potions of berserk rage
 q - 4 potions of agility
 s - 4 potions of might
 y - 3 potions of lignification
 E - a potion of brilliance
 J - 7 potions of haste
 V - 4 potions of mutation
Books
 Y - a manual of Dodging
Miscellaneous
 h - a lightning rod (4/4)
 r - 5 phantom mirrors
 w - a fan of gales
 B - a phial of floods
 G - a lamp of fire
Comestibles
 f - 47 rations


   Skills:
 - Level 21.4 Fighting
 - Level 18.9 Long Blades
 - Level 6.7 Axes
 - Level 13.3 Throwing
 + Level 18.9 Armour
 + Level 17.2 Dodging
 - Level 15.0 Shields
 O Level 27 Invocations
 - Level 14.0 Evocations


You had 26 spell levels left.
You didn't know any spells.
Your spell library contained the following spells:

 Spells                   Type           Power        Failure   Level  Hunger
 Animate Skeleton         Necr           N/A          99%         1    ##.....
 Apportation              Tloc           #.....       99%         1    ##.....
 Beastly Appendage        Tmut           #.....       99%         1    ##.....
 Confusing Touch          Hex            #.....       99%         1    ##.....
 Flame Tongue             Conj/Fire      #....        99%         1    ##.....
 Infusion                 Chrm           #...         99%         1    ##.....
 Magic Dart               Conj           #...         99%         1    ##.....
 Summon Butterflies       Summ           #.......     99%         1    ##.....
 Summon Small Mammal      Summ           #...         99%         1    ##.....
 Blink                    Tloc           N/A          99%         2    ###....
 Call Imp                 Summ           #.......     99%         2    ###....
 Ensorcelled Hibernation  Hex/Ice        #.....       99%         2    ###....
 Passwall                 Tmut/Erth      #.......     99%         2    ###....
 Searing Ray              Conj           #.....       99%         2    ###....
 Shroud of Golubria       Chrm/Tloc      #.........   99%         2    ###....
 Song of Slaying          Chrm           #.......     99%         2    ###....
 Sticks to Snakes         Tmut           #.......     99%         2    ###....
 Sublimation of Blood     Necr           #.........   99%         2    ###....
 Call Canine Familiar     Summ           #.......     100%        3    ####...
 Conjure Flame            Conj/Fire      #.......     100%        3    ####...
 Dazzling Spray           Conj/Hex       #.....       100%        3    ####...
 Gell's Gravitas          Tloc           #.........   100%        3    ####...
 Ignite Poison            Fire/Tmut/Pois #.......     100%        3    ####...
 Inner Flame              Hex/Fire       #.......     100%        3    ####...
 Lesser Beckoning         Tloc           #.........   100%        3    ####...
 Portal Projectile        Hex/Tloc       #.....       100%        3    ####...
 Regeneration             Chrm/Necr      #.........   100%        3    ####...
 Spectral Weapon          Hex/Chrm       #.......     100%        3    ####...
 Spider Form              Tmut/Pois      #.........   100%        3    ####...
 Stone Arrow              Conj/Erth      #.....       100%        3    ####...
 Summon Guardian Golem    Hex/Summ       #.......     100%        3    ####...
 Tukima's Dance           Hex            #.......     100%        3    ####...
 Cause Fear               Hex            #.........   100%        4    #####..
 Force Lance              Conj/Tloc      #.......     100%        4    #####..
 Fulminant Prism          Conj/Hex       #.........   100%        4    #####..
 Ice Form                 Ice/Tmut       #.......     100%        4    #####..
 Iskenderun's Mystic Bla  Conj           #.......     100%        4    #####..
 Petrify                  Tmut/Erth      #.......     100%        4    #####..
 Sticky Flame             Conj/Fire      #.......     100%        4    #####..
 Summon Ice Beast         Ice/Summ       #.......     100%        4    #####..
 Summon Lightning Spire   Summ/Air       #.......     100%        4    #####..
 Throw Icicle             Conj/Ice       #.......     100%        4    #####..
 Alistair's Intoxication  Tmut/Pois      #.......     100%        5    ######.
 Blade Hands              Tmut           #.........   100%        5    ######.
 Bolt of Magma            Conj/Fire/Erth #.........   100%        5    ######.
 Dispel Undead            Necr           #.......     100%        5    ######.
 Fireball                 Conj/Fire      #.........   100%        5    ######.
 Irradiate                Conj/Tmut      #.........   100%        5    ######.
 Iskenderun's Battlesphe  Conj/Chrm      #.......     100%        5    ######.
 Metabolic Englaciation   Hex/Ice        #.........   100%        5    ######.
 Silence                  Hex/Air        #.........   100%        5    ######.
 Summon Mana Viper        Hex/Summ       #.......     100%        5    ######.
 Venom Bolt               Conj/Pois      #.........   100%        5    ######.
 Bolt of Cold             Conj/Ice       #.........   100%        6    #######
 Bolt of Fire             Conj/Fire      #.........   100%        6    #######
 Death Channel            Necr           #.........   100%        6    #######
 Dispersal                Tloc           #.........   100%        6    #######
 Freezing Cloud           Conj/Ice/Air   #.........   100%        6    #######
 Hydra Form               Tmut           #.........   100%        6    #######
 Invisibility             Hex            #.......     100%        6    #######
 Iron Shot                Conj/Erth      #.........   100%        6    #######
 Ozocubu's Refrigeration  Ice            #.........   100%        6    #######
 Poison Arrow             Conj/Pois      #.........   100%        6    #######
 Simulacrum               Ice/Necr       #.........   100%        6    #######
 Dragon Form              Tmut           #.........   100%        7    #######
 Orb of Destruction       Conj           #.........   100%        7    #######
 Spellforged Servitor     Conj/Summ      #.........   100%        7    #######
 Summon Hydra             Summ           #.........   100%        7    #######
 Chain Lightning          Conj/Air       #.........   100%        8    #######
 Controlled Blink         Tloc           N/A          100%        8    #######
 Disjunction              Tloc           #.........   100%        8    #######
 Lehudib's Crystal Spear  Conj/Erth      #.........   100%        8    #######
 Dragon's Call            Summ           #.........   100%        9    #######
 Fire Storm               Conj/Fire      #.........   100%        9    #######
 Glaciate                 Conj/Ice       #.........   100%        9    #######


Dungeon Overview and Level Annotations

Branches:
Dungeon (15/15)            Temple (1/1) D:4            Lair (6/6) D:9
  Swamp (4/4) Lair:4       Spider (4/4) Lair:4        Slime (5/5) Lair:6
    Orc (2/2) D:11            Elf (3/3) Orc:2        Vaults (5/5) D:13
  Crypt (0/3) Vaults:2     Depths (5/5) D:15            Zot (1/5) Depths:5

Altars:
Ashenzari
Cheibriados
Dithmenos
Elyvilon
Fedhas
Gozag
Hepliaklqana
Kikubaaqudgha
Makhleb
Nemelex Xobeh
Okawaru
Qazlal
Ru
Sif Muna
Trog
Uskayaw
Vehumet
Wu Jian
Xom
Yredelemnul
Zin
The Shining One
Beogh
Jiyva

Shops:
D:5 %?   D:9 ?   D:12 ?   D:13 %   Orc:2 *([%   Vaults:4 (   Depths:1 ??
Depths:4 =}}

Portals:
Hell: Depths:1 Depths:2 Depths:3 Depths:4 Depths:5
Pandemonium: Depths:3 Depths:4
Ziggurat: Depths:5

Annotations:
Depths:3 exclusion: obsidian statue


Innate Abilities, Weirdness & Mutations

You can walk on water.
You have sharp fingernails.
You are partially covered in thin metallic scales. (AC +2)
You are partially covered in yellow scales. (AC +2)
You are agile. (Dex +2)
You are resistant to hostile enchantments. (MR+)
You expend magic power (3 MP) to strengthen your wands.


Message History

You pass out from exhaustion.
You feel yourself slow down.
Your orc closely misses the moth of wrath.
The moth of wrath bites your orc!
Your orc dies!
Your orc knight hits the golden dragon with a +2 great sword of electrocution!
The red draconian monk hits your orc knight but does no damage.
The red draconian monk kicks your orc knight!
The red draconian monk tail-slaps your orc knight!
The storm dragon bites you but does no damage.
The storm dragon claws you but does no damage.
The storm dragon tramples you.
* * * LOW HITPOINT WARNING * * *
You are shoved backwards!
The red draconian monk hits your orc knight!!!
Your orc knight dies!
The black draconian rages. x2
The moth of wrath bites you but does no damage.
The golden dragon bites you!!
You die...

######'##..).......
#.......)..........
#..................
#..................
######..###d............
..........)........#....
........Dy).D[....###...
........ydq.......#
.......@D.).).....#
........d........##
.................#
.................#
.................#
..................
................⌠
.....#######....


You could see a red draconian monk (berserk), a golden dragon (berserk), 2 storm
dragons, 3 draconians and 2 moths of wrath.

Vanquished Creatures
  the Royal Jelly (Slime:5)
  Dissolution (Slime:5)
  An orb of fire (Zot:1)
  2 ancient liches
  The ghost of Tang the Slayer, a master DsGl of Makhleb (Vaults:3)
  Boris (Depths:3)
  Sojobo (Depths:3)
  Margery (Depths:5)
  7 caustic shrikes (Depths:5)
  4 golden dragons
  Nikola (Swamp:3)
  2 bone dragons
  A profane servitor (Abyss:3)
  A hellephant (Abyss:5)
  Jorgrun (Spider:1)
  5 liches
  7 tentacled monstrosities
  The ghost of Moagi the Pandemonic, an adept GnSk of Makhleb (Vaults:2)
  2 deep elf blademasters (Elf:3)
  A quicksilver dragon (Vaults:5)
  An Ice Fiend (IceCv)
  A titan (Vaults:5)
  A deep elf master archer (Elf:3)
  A death cob (Zot:1)
  2 Executioners (Abyss:4)
  21 acid blobs
  2 sphinxes (Vaults:5)
  An ancient champion (Vaults:2)
  8 tentacled starspawn
  9 tengu reavers
  The ghost of tyn the Warrior, a journeyman DrBe of Trog (Swamp:3)
  4 storm dragons
  A shadow dragon (shapeshifter) (Depths:3)
  15 azure jellies
  6 shadow dragons
  10 fire giants
  3 frost giants
  A revenant (Abyss:5)
  5 ghost moths (Spider:4)
  6 deep elf sorcerers
  Louise (Swamp:1)
  2 iron dragons (Vaults:5)
  6 emperor scorpions
  2 draconian scorchers
  A balrug (Abyss:3)
  21 vault wardens
  A draconian stormcaller (Abyss:4)
  2 deep elf elementalists (Elf:3)
  A spriggan defender (Swamp:2)
  10 ironheart preservers
  2 draconian shifters (Abyss:5)
  18 stone giants
  A reaper (Depths:4)
  36 very ugly things
  6 war gargoyles
  A draconian annihilator (Zot:1)
  3 vampire knights
  The ghost of Uhlv the Severer, a journeyman MiWn of Okawaru (D:15)
  A green draconian (Depths:5)
  6 deep elf demonologists
  5 spark wasps
  A yellow draconian (Depths:5)
  3 dire elephants (Lair:6)
  A spark wasp (shapeshifter) (Depths:3)
  Azrael (Spider:1)
  2 merfolk javelineers
  A red draconian (Depths:5)
  5 deep elf annihilators
  3 purple draconians (Depths:5)
  8 crystal guardians
  2 white draconians
  2 blizzard demons (Depths:3)
  23 death oozes
  A jiangshi (Vaults:2)
  A merfolk impaler (Depths:5)
  5 deep elf death magi
  13 ettins
  7 yaktaur captains
  8 great orbs of eyes
  7 fire dragons
  The ghost of Zatibaps the Spry, a journeyman FeVM of Dithmenos (Swamp:2)
  4 deep elf high priests
  A great orb of eyes (shapeshifter) (Depths:3)
  36 vault guards
  5 hydras
  Harold (Lair:1)
  5 ghost crabs
  A spriggan air mage (Depths:4)
  5 rakshasas
  11 ice dragons
  An anaconda (Lair:6)
  Erica (D:10)
  6 ogre magi
  9 deep troll shamans
  2 death knights
  7 centaur warriors
  2 tengu warriors (Depths:4)
  A satyr (shapeshifter) (Depths:3)
  25 dancing weapons
  19 two-headed ogres
  8 alligators
  3 death yaks (Lair:6)
  8 deep troll earth magi
  An alligator (shapeshifter) (Depths:3)
  3 hell hogs (Abyss:5)
  8 spriggan berserkers
  2 orc high priests (Abyss:3)
  A shock serpent (Depths:3)
  19 thrashing horrors
  A shock serpent (shapeshifter) (Depths:3)
  15 deep elf knights
  23 large abominations
  A soul eater (Depths:4)
  2 skeletal warriors (D:15)
  A titan skeleton (Vaults:5)
  11 wretched stars
  4 hell knights
  2 iron trolls (Depths:5)
  4 sun demons
  11 spriggans
  2 shadow wraiths
  An anaconda zombie (Abyss:4)
  3 spatial maelstroms
  36 deep trolls
  6 swamp dragons
  7 glowing orange brains
  A spriggan druid (Swamp:2)
  5 wizards
  2 shadow demons (Abyss:3)
  11 deep elf archers
  9 necromancers
  2 orc knights
  3 obsidian statues (Depths:3)
  An unseen horror (Abyss:5)
  5 phantasmal warriors
  13 harpies
  3 orc sorcerers
  29 wolf spiders
  A harpy (shapeshifter) (Vaults:3)
  13 ironbrand convokers
  47 deep elf magi
  A mana viper (shapeshifter) (Vaults:4)
  2 shining eyes (Slime:4)
  A lindwurm (shapeshifter) (Vaults:5)
  51 ugly things
  2 oklob plants
  8 orb spiders
  A wolf spider (shapeshifter) (Depths:3)
  A mana viper (Abyss:3)
  A manticore (shapeshifter) (Vaults:5)
  2 stone giant zombies
  A worldbinder (Abyss:4)
  2 cyclopes
  3 manticores
  A salamander (Depths:2)
  4 elephants (Lair:6)
  4 moths of wrath
  2 stone giant skeletons
  A frost giant skeleton (Abyss:4)
  3 rust devils
  3 ice statues (IceCv)
  An elephant (shapeshifter) (Depths:3)
  5 black mambas
  A guardian serpent (shapeshifter) (Depths:2)
  2 molten gargoyles (Depths:3)
  7 smoke demons
  4 apocalypse crabs
  2 orange demons (Abyss:4)
  6 gargoyles
  An eye of devastation (Slime:4)
  12 vault sentinels
  17 spiny frogs
  2 torpor snails
  4 kobold demonologists
  2 rime drakes
  8 demonic crawlers
  An anaconda simulacrum (IceCv)
  A tormentor (Abyss:5)
  2 yaktaurs (shapeshifter)
  A hellion (Abyss:5)
  13 freezing wraiths
  An efreet (D:13)
  8 komodo dragons
  23 yaktaurs
  13 ice devils
  4 tengu conjurers
  2 hellwings
  A human skeleton (Vaults:1)
  A red devil (Depths:4)
  8 ancient zymes
  9 trolls
  6 meliai
  A queen bee (shapeshifter) (D:15)
  A polar bear (Lair:6)
  A queen bee (Lair:5)
  25 hornets
  2 bog bodies
  8 tyrant leeches
  14 jumping spiders
  65 slime creatures
  3 hornets (shapeshifter)
  4 hippogriffs
  12 raiju
  A tengu simulacrum (Vaults:1)
  10 blink frogs
  An ettin zombie (Vaults:2)
  A hippogriff (shapeshifter) (Vaults:4)
  9 air elementals
  6 ynoxinuls
  15 water elementals
  18 tarantellas
  2 flying skulls (Abyss:3)
  27 yaks
  4 shadows
  2 dire elephant simulacra (IceCv)
  51 redbacks
  3 wyverns
  A wyvern (shapeshifter) (Abyss:3)
  3 basilisks
  8 wraiths
  3 humans (D:13)
  6 neqoxecs
  9 fire elementals
  A human (shapeshifter) (Depths:3)
  23 golden eyes
  A yaktaur simulacrum (Vaults:2)
  11 vampire mosquitoes
  7 chaos spawn
  A human simulacrum (Vaults:2)
  3 swamp worm simulacra (Swamp:4)
  3 wargs (Vaults:5)
  2 hungry ghosts
  3 iron troll simulacra (IceCv)
  A spatial vortex (Abyss:3)
  13 insubstantial wisps
  15 swamp worms
  3 harpy simulacra (IceCv)
  2 soldier ants (D:15)
  7 water moccasins
  8 hydra simulacra (Swamp:4)
  6 hell hounds
  10 porcupines
  2 swamp drakes
  16 small abominations
  6 human zombies
  3 ice beasts
  An ettin simulacrum (IceCv)
  12 orc warriors
  A black bear (shapeshifter) (Depths:3)
  2 black bears
  A sky beast (D:5)
  35 starcursed masses
  3 phantoms
  20 ogres
  8 eyes of draining
  10 boggarts
  15 centaurs
  8 wolves
  An elf skeleton (Vaults:5)
  An orc skeleton (Vaults:2)
  A crocodile (shapeshifter) (Abyss:4)
  14 crocodiles
  11 bullfrogs
  2 glowing shapeshifter simulacra (Vaults:2)
  3 big kobolds
  A wyvern zombie (D:14)
  11 earth elementals
  An ogre simulacrum (Vaults:1)
  A water moccasin zombie (D:8)
  4 scorpions
  An elf simulacrum (Vaults:1)
  17 killer bees
  9 wights
  2 howler monkeys (D:9)
  6 electric eels
  12 crimson imps
  2 centaur zombies
  4 jellies (Slime:3)
  5 quasits
  A bullfrog zombie (D:7)
  2 hounds
  7 orc priests
  6 centaur skeletons
  A bullfrog skeleton (D:4)
  Jessica (D:2)
  2 iguanas
  Terence (D:2)
  8 orc wizards
  8 worker ants
  2 hell rats
  A hound skeleton (D:4)
  Robin (D:2)
  6 river rats (D:6)
  14 adders
  A howler monkey skeleton (D:6)
  6 shadow imps
  3 white imps
  3 ufetubi
  3 oozes
  4 swamp drake simulacra (Swamp:4)
  5 worms
  A dart slug (D:1)
  2 leopard geckos (D:1)
  35 orcs
  4 giant cockroaches
  10 goblins
  9 hobgoblins
  10 jackals
  A quokka (D:8)
  2 ball pythons
  12 bats
  7 frilled lizards
  22 kobolds
  A quokka skeleton (D:5)
  17 rats
  2 briar patches (Swamp:4)
  A butterfly (Depths:2)
  2 lurking horrors
  4 plants
  2 starspawn tentacles
2013 creatures vanquished.

Vanquished Creatures (collateral kills)
  A caustic shrike (Depths:5)
  Jory (Vaults:2)
  A profane servitor (Abyss:5)
  A hellephant (Abyss:5)
  3 titans (Vaults:5)
  11 acid blobs
  A sphinx (Vaults:5)
  Gastronok (D:12)
  A thorn hunter (Swamp:4)
  A shadow dragon (Vaults:5)
  A storm dragon (Vaults:5)
  Kirke (Elf:1)
  4 deep elf sorcerers
  4 fire giants
  3 azure jellies
  3 frost giants
  5 vault wardens
  An orc warlord (Vaults:5)
  3 spriggan defenders
  A deep elf elementalist (Elf:3)
  An entropy weaver (Vaults:1)
  4 ironheart preservers
  A stone giant (Vaults:5)
  3 very ugly things
  5 deep elf annihilators
  A lorocyproca (Abyss:5)
  2 dire elephants (Lair:6)
  5 starcursed masses
  A dire elephant (shapeshifter) (Depths:5)
  A merfolk javelineer (Depths:2)
  2 spark wasps
  A deep elf death mage (Elf:3)
  A fire dragon (Depths:4)
  A death ooze (Slime:5)
  4 yaktaur captains
  Erolcha (Orc:1)
  3 great orbs of eyes
  3 ice dragons
  2 vault guards
  2 rakshasas
  3 hydras
  4 centaur warriors
  A spriggan air mage (Depths:4)
  4 alligators
  11 dancing weapons (Elf:2)
  An ogre mage (Vaults:4)
  An orc high priest (Elf:1)
  2 tengu warriors (Depths:2)
  5 two-headed ogres
  3 deep troll earth magi
  3 deep troll shamans
  3 spriggan berserkers
  A death yak (Lair:6)
  A thrashing horror (Abyss:5)
  13 deep elf knights
  A sun demon (Abyss:3)
  2 skeletal warriors (D:15)
  A wretched star (Abyss:3)
  2 hell knights
  A sixfirhy (Abyss:5)
  A spatial maelstrom (Abyss:5)
  A glowing orange brain (Depths:4)
  2 large abominations (Abyss:5)
  8 deep trolls
  10 deep elf archers
  2 wizards
  A swamp dragon (Swamp:4)
  5 ironbrand convokers
  A lindwurm (Lair:3)
  A golden dragon skeleton (Vaults:5)
  A tengu zombie (Vaults:1)
  8 orc knights
  4 necromancers
  4 orb spiders
  21 ugly things
  8 wolf spiders
  35 deep elf magi
  A mana viper (shapeshifter) (Elf:3)
  2 cyclopes
  An orc sorcerer (Depths:1)
  6 shining eyes
  3 oklob plants (Lair:6)
  A stone giant zombie (Vaults:5)
  A water nymph (shapeshifter) (Vaults:5)
  A torpor snail (Spider:3)
  3 vault sentinels
  An eye of devastation (Slime:5)
  4 black mambas
  3 smoke demons
  2 centaur zombies
  5 naga magi
  3 centaur skeletons
  9 yaktaurs
  10 spiny frogs
  4 freezing wraiths
  2 komodo dragons
  2 demonic crawlers (Spider:4)
  A yaktaur zombie (Vaults:5)
  An ice devil (IceCv)
  3 meliai
  11 jumping spiders
  A polar bear (Lair:6)
  3 tengu conjurers
  3 trolls
  4 hornets
  A bog body (Swamp:2)
  9 blink frogs
  4 tyrant leeches
  A raiju (Abyss:4)
  A raiju (shapeshifter) (Vaults:4)
  38 slime creatures
  A hippogriff (Lair:2)
  3 air elementals
  A stone giant simulacrum (Vaults:5)
  A centaur simulacrum (D:15)
  24 redbacks
  3 spriggans
  A flying skull (Abyss:3)
  23 yaks
  A redback (shapeshifter) (Depths:3)
  3 shadows
  10 tarantellas
  5 water elementals
  A fire elemental (Spider:1)
  A neqoxec (Abyss:5)
  3 hogs (Elf:1)
  13 humans (D:13)
  A golden eye (Slime:3)
  A hog (shapeshifter) (Vaults:1)
  A hungry ghost (D:12)
  A ynoxinul (Abyss:4)
  2 basilisks
  A vampire mosquito (D:12)
  4 insubstantial wisps (Swamp:3)
  3 swamp worms
  A soldier ant (shapeshifter) (Vaults:3)
  An acid dragon (D:15)
  2 spatial vortices (Abyss:5)
  6 hydra simulacra (Swamp:4)
  3 water moccasins
  2 hell hounds (Spider:1)
  A porcupine (Lair:3)
  2 swamp drakes
  A sky beast (D:12)
  12 orc warriors
  2 ice beasts (D:15)
  3 ogres
  7 eyes of draining
  A small abomination (Abyss:3)
  5 boggarts
  3 wolves
  8 centaurs
  A crocodile (Lair:6)
  A big kobold (D:12)
  A human zombie (Vaults:1)
  6 bullfrogs
  A yaktaur skeleton (Vaults:1)
  2 earth elementals (Elf:1)
  9 killer bees (Lair:5)
  5 wights
  3 electric eels
  A crimson imp (Depths:4)
  2 quasits
  A bullfrog zombie (D:13)
  A jelly (D:12)
  4 orc priests
  2 hounds
  3 orc wizards
  4 worker ants
  3 adders
  An ufetubus (Abyss:4)
  An ooze (Slime:3)
  A swamp drake simulacrum (Swamp:4)
  16 orcs
  A hobgoblin (D:11)
  7 kobolds
  5 briar patches (Swamp:4)
  2 butterflies (Depths:2)
  2 crawling corpses (Elf:3)
  21 fungi
  A lurking horror (Abyss:4)
  32 plants
  2 starspawn tentacles (Abyss:4)
723 creatures vanquished.

Vanquished Creatures (others)
  A deep elf master archer (Elf:3)
  A tengu reaver (Depths:3)
  9 orc warlords
  A draconian stormcaller (Depths:5)
  A war gargoyle (Depths:3)
  A stone giant (Vaults:5)
  A crystal guardian (Depths:3)
  Nergalle (Elf:3)
  2 yaktaur captains
  2 orc high priests
  36 orc knights
  A dancing weapon (Depths:3)
  A thrashing horror (Abyss:5)
  A deep troll (shapeshifter) (Depths:3)
  2 glowing orange brains
  4 orc sorcerers
  A deep elf mage (Vaults:3)
  23 orc priests
  3 yaktaurs
  2 wind drakes (Depths:3)
  A bog body (Swamp:4)
  A neqoxec (Abyss:4)
  A fire bat (Abyss:5)
  A fire elemental (Depths:3)
  2 golden eyes (Abyss:5)
  An insubstantial wisp (Depths:3)
  An ice beast (Abyss:4)
  41 orc warriors
  2 ogres
  A boggart (Vaults:2)
  10 orc wizards
  A small abomination (Abyss:4)
  8 ball lightnings (Depths:3)
  66 orcs
  A jackal (D:10)
  A crawling corpse (Elf:3)
  3 demonic plants
  A fungus (Lair:2)
  A lurking horror (Abyss:4)
  14 plants
  22 starspawn tentacles
274 creatures vanquished.

Grand Total: 3010 creatures vanquished

Notes
Turn   | Place    | Note
-------+----------+-------------------------------------------
     0 | D:1      | Yuikono the Hill Orc Fighter began the quest for the Orb.
     0 | D:1      | Reached XP level 1. HP: 19/19 MP: 1/1
   225 | D:1      | Reached XP level 2. HP: 20/27 MP: 2/2
   973 | D:1      | Reached XP level 3. HP: 32/33 MP: 3/3
  1458 | D:2      | Reached XP level 4. HP: 19/40 MP: 4/4
  1893 | D:2      | Noticed Robin
  1906 | D:2      | Killed Robin
  2045 | D:2      | Noticed Terence
  2052 | D:2      | Noticed Jessica
  2057 | D:2      | Killed Terence
  2057 | D:2      | Reached XP level 5. HP: 44/47 MP: 5/5
  2085 | D:2      | Killed Jessica
  2543 | D:3      | Found a faded altar of an unknown god.
  2896 | D:3      | Noticed an ice beast
  2921 | D:3      | Killed an ice beast
  2921 | D:3      | Reached skill level 5 in Fighting
  2921 | D:3      | Reached XP level 6. HP: 28/56 MP: 6/6
  3882 | D:4      | Found a staircase to the Ecumenical Temple.
  3927 | D:4      | Reached skill level 5 in Axes
  4131 | D:4      | Reached skill level 5 in Armour
  4317 | Temple   | Entered the Ecumenical Temple
  4475 | D:5      | Entered Level 5 of the Dungeon
  4533 | D:5      | Reached skill level 5 in Shields
  4533 | D:5      | Reached XP level 7. HP: 59/61 MP: 7/7
  4704 | D:5      | Found Tufranel's Magic Scroll Boutique.
  4847 | D:5      | Bought a scroll of teleportation for 30 gold pieces
  4847 | D:5      | Bought a scroll of blinking for 75 gold pieces
  4847 | D:5      | Bought a scroll of vulnerability for 75 gold pieces
  4847 | D:5      | Bought a scroll of enchant armour for 75 gold pieces
  5204 | D:5      | Got a jewelled leather armour
  5215 | D:5      | Identified the cursed +0 leather armour "Siaqaramn" {rPois
                  | Stlth+} (You found it on level 5 of the Dungeon)
  5293 | D:5      | Found Asahofaafo's Food Shop.
  5307 | D:5      | Reached XP level 8. HP: 71/71 MP: 8/8
  5316 | D:5      | Found Zoadde's General Store.
  5611 | D:5      | Found the +10 zealot's sword {holy, *Rage rN+ EV+3}
  5662 | D:5      | Found a shimmering altar of Xom.
  5905 | D:6      | Reached skill level 1 in Long Blades
  6181 | D:6      | Found a snail-covered altar of Cheibriados.
  6354 | D:6      | Noticed an air elemental
  6356 | D:6      | Found a stormy altar of Qazlal.
  6357 | D:6      | Noticed a water elemental
  6514 | D:6      | Found the +2 ratskin cloak {+Rats rPois rN+ Str-1 Int-1
                  | Dex+1}
  6912 | D:7      | Became a worshipper of Beogh the Brigand
  7122 | D:7      | Reached XP level 9. HP: 76/79 MP: 9/9
  7610 | D:8      | Reached * piety under Beogh
  8005 | D:8      | Found a glowing golden altar of the Shining One.
  8046 | D:8      | Reached skill level 1 in Invocations
  8330 | D:9      | Reached skill level 2 in Invocations
  8334 | D:9      | Reached ** piety under Beogh
  8426 | D:9      | Found a staircase to the Lair.
  8542 | D:9      | Reached skill level 3 in Invocations
  8579 | D:9      | Found Simuavec's Magic Scroll Emporium.
  8587 | D:9      | Bought a scroll of noise for 12 gold pieces
  8587 | D:9      | Bought a scroll of fog for 24 gold pieces
  8587 | D:9      | Bought a scroll of immolation for 42 gold pieces
  8794 | D:9      | Found a shimmering altar of Xom.
  9003 | D:10     | Entered Level 10 of the Dungeon
  9003 | D:10     | Noticed Erica
  9003 | D:10     | Noticed a gargoyle
  9005 | D:10     | Noticed a two-headed ogre
  9007 | D:10     | Reached XP level 10. HP: 90/90 MP: 12/12
  9009 | D:10     | Reached skill level 5 in Long Blades
  9015 | D:10     | Killed a two-headed ogre
  9015 | D:10     | Reached skill level 4 in Invocations
  9030 | D:9      | Reached *** piety under Beogh
  9266 | D:10     | Killed a gargoyle
  9266 | D:10     | Reached skill level 5 in Invocations
  9514 | D:10     | Killed Erica
  9577 | D:10     | Reached skill level 6 in Invocations
  9766 | D:10     | Reached skill level 10 in Fighting
  9768 | D:10     | Reached XP level 11. HP: 99/99 MP: 15/15
  9994 | D:11     | Reached **** piety under Beogh
 10023 | D:11     | Found a staircase to the Orcish Mines.
 10192 | D:11     | Noticed a cyclops
 10197 | D:11     | Killed a cyclops
 10355 | D:11     | Reached skill level 7 in Invocations
 10601 | D:11     | Gained Wargrak as an ally
 11059 | D:12     | Noticed a cyclops
 11115 | D:12     | Reached ***** piety under Beogh
 11115 | D:12     | Gained Ogrik as an ally
 11117 | D:12     | Gained Nordag as an ally
 11119 | D:12     | Killed a cyclops
 11119 | D:12     | Reached skill level 10 in Shields
 11200 | D:12     | Reached skill level 10 in Armour
 11318 | D:12     | Noticed a white ugly thing
 11326 | D:12     | Killed a white ugly thing
 11326 | D:12     | Reached skill level 8 in Invocations
 11364 | D:12     | Noticed Gastronok
 11380 | D:12     | Killed Gastronok
 11537 | D:12     | Reached XP level 12. HP: 92/110 MP: 18/18
 11632 | D:12     | Noticed a two-headed ogre
 11641 | D:12     | Killed a two-headed ogre
 11684 | D:12     | Found Dosagulu's Magic Scroll Emporium.
 11693 | D:12     | Bought a scroll of magic mapping for 52 gold pieces
 11693 | D:12     | Bought 2 scrolls of magic mapping for 105 gold pieces
 12085 | D:13     | Found a gate to the Vaults.
 12085 | D:13     | Noticed a two-headed ogre
 12085 | D:13     | Noticed a centaur warrior
 12100 | D:13     | Killed a centaur warrior
 12100 | D:13     | Reached skill level 9 in Invocations
 12110 | D:13     | Killed a two-headed ogre
 12370 | D:13     | Noticed a two-headed ogre
 12378 | D:13     | Noticed a two-headed ogre
 12384 | D:13     | Killed a two-headed ogre
 12384 | D:13     | Reached skill level 10 in Invocations
 12388 | D:13     | Your ally Ogrik died
 12389 | D:13     | Killed a two-headed ogre
 13048 | D:13     | Found Rabbeoru's Food Boutique.
 13251 | D:14     | Noticed a six-headed hydra
 13255 | D:14     | Reached XP level 13. HP: 118/118 MP: 20/20
 13258 | D:14     | Reached ****** piety under Beogh
 13263 | D:14     | Gained Argrim as an ally
 13326 | D:14     | Gained mutation: You are resistant to electric shocks.
                  | (rElec) [potion of mutation]
 13326 | D:14     | Gained mutation: You are partially covered in thin metallic
                  | scales. (AC +2) [potion of mutation]
 13447 | D:14     | Reached skill level 10 in Long Blades
 14097 | D:15     | Entered Level 15 of the Dungeon
 14129 | D:15     | Reached skill level 11 in Invocations
 14521 | D:15     | Found a runed translucent gate.
 14522 | D:15     | Found a runed translucent gate.
 14523 | D:15     | Found a runed translucent gate.
 14623 | D:15     | Noticed Uhlv's ghost (journeyman MiWn)
 15024 | D:15     | Found a staircase to the Depths.
 15382 | D:15     | Killed Uhlv's ghost
 15382 | D:15     | Reached XP level 14. HP: 129/129 MP: 22/22
 15539 | Lair:1   | Entered Level 1 of the Lair of Beasts
 15601 | Lair:1   | Reached skill level 12 in Invocations
 15644 | Lair:1   | Noticed Harold
 15658 | Lair:1   | Killed Harold
 18153 | Lair:3   | Paralysed by a hornet for 3 turns
 18461 | Lair:4   | Found a hole to the Spider Nest.
 18557 | Lair:4   | Lost mutation: You are partially covered in thin metallic
                  | scales. (AC +2) [potion of mutation]
 18557 | Lair:4   | Lost mutation: You are resistant to electric shocks.
                  | (rElec) [potion of mutation]
 18557 | Lair:4   | Gained mutation: You are frail. (-10% HP) [potion of
                  | mutation]
 18557 | Lair:4   | Gained mutation: You are very frail. (-20% HP) [potion of
                  | mutation]
 18557 | Lair:4   | Gained mutation: Scrolls take you a little longer to read.
                  | [potion of mutation]
 18557 | Lair:4   | Gained mutation: You are partially covered in thin metallic
                  | scales. (AC +2) [potion of mutation]
 18577 | Lair:4   | Noticed Nergalle
 18938 | Lair:4   | Found a staircase to the Swamp.
 19559 | Lair:5   | Reached skill level 13 in Invocations
 20283 | Lair:6   | Entered Level 6 of the Lair of Beasts
 20339 | Lair:6   | Reached XP level 15. HP: 89/110 MP: 24/24
 20693 | Lair:6   | Identified the cursed +1 morningstar "Sofepif" {distort,
                  | *Drain rElec rN+ Int+8} (You found it on level 6 of the
                  | Lair of Beasts)
 21116 | Lair:6   | Found a viscous altar of Jiyva.
 21116 | Lair:6   | Found a staircase to the Slime Pits.
 21827 | Lair:6   | Got a smoking broad axe
 21828 | Lair:6   | Identified the +6 broad axe "Goblin's Regret" {drain,
                  | *Corrode MR++ Str+4} (You found it on level 6 of the Lair
                  | of Beasts)
 22052 | Orc:1    | Entered Level 1 of the Orcish Mines
 22079 | Orc:1    | Found a roughly hewn altar of Beogh.
 22083 | Orc:1    | Noticed Erolcha
 22084 | Orc:1    | You fall through a shaft!
 22084 | Orc:2    | Entered Level 2 of the Orcish Mines
 22084 | Orc:2    | Found Lijif's Antique Armour Boutique.
 22084 | Orc:2    | Found Kicoqoed's Antique Weapon Shoppe.
 22088 | Orc:2    | Gained Murdo as an ally
 22094 | Orc:2    | Your ally Murdo died
 22101 | Orc:2    | Gained Morun as an ally
 22105 | Orc:2    | Found Cotaubo's Assorted Antiques.
 22107 | Orc:2    | Found Hischahue's Food Shop.
 22298 | Orc:2    | Found a roughly hewn altar of Beogh.
 22559 | Orc:2    | Found a staircase to the Elven Halls.
 22900 | Orc:1    | Killed Erolcha
 23042 | Orc:1    | Reached skill level 14 in Invocations
 23259 | Orc:2    | Bought the +3 pair of gauntlets of War {Slay+5} for 1330
                  | gold pieces
 23259 | Orc:2    | Found the +3 pair of gauntlets of War {Slay+5}
 23259 | Orc:2    | Bought a pair of ichor-stained boots for 266 gold pieces
 23280 | Orc:2    | Identified the +1 pair of boots of the Chupacabra {rF+}
                  | (You bought it in a shop on level 2 of the Orcish Mines)
 23322 | Elf:1    | Entered Level 1 of the Elven Halls
 23400 | Elf:1    | Found a frozen archway.
 23423 | IceCv    | Entered an ice cave
 23493 | IceCv    | Reached skill level 15 in Fighting
 23643 | IceCv    | Gained Arkwar as an ally
 23724 | IceCv    | Noticed an Ice Fiend
 23726 | IceCv    | Found the +2 Maxwell's thermic engine {flame, freeze}
 23731 | IceCv    | Killed an Ice Fiend
 23844 | IceCv    | Got a heavily runed chain mail
 23855 | IceCv    | Identified the +5 chain mail of the Good {Str+4 Int-2 Dex+6
                  | Slay+3} (You found it in an ice cave)
 24138 | Elf:1    | Reached XP level 16. HP: 119/119 MP: 26/26
 24625 | Elf:1    | Lost mutation: Scrolls take you a little longer to read.
                  | [potion of mutation]
 24625 | Elf:1    | Lost mutation: You are very frail. (-20% HP) [potion of
                  | mutation]
 24625 | Elf:1    | Lost mutation: You are frail. (-10% HP) [potion of
                  | mutation]
 24625 | Elf:1    | Gained mutation: You occasionally shout uncontrollably at
                  | your foes. [potion of mutation]
 24625 | Elf:1    | Gained mutation: You are frail. (-10% HP) [potion of
                  | mutation]
 24625 | Elf:1    | Gained mutation: You are partially covered in large bone
                  | plates. (SH +4) [potion of mutation]
 24668 | Elf:1    | Noticed Kirke
 24672 | Elf:1    | Killed Kirke
 25057 | Elf:2    | Reached skill level 15 in Invocations
 25141 | Elf:2    | Gained Arkwar as an ally
 25214 | Elf:2    | Identified the +0 hand crossbow of Valiance {velocity, rC+
                  | MR+ Int-2 Dex+2} (You found it on level 2 of the Elven
                  | Halls)
 25242 | Elf:2    | Gained Warrok as an ally
 25583 | Elf:2    | Found a runed translucent gate.
 25583 | Elf:2    | Found a runed translucent gate.
 25593 | Elf:2    | Found a runed translucent gate.
 25791 | Elf:2    | Your ally Arkwar died
 25945 | Elf:2    | Gained Bogric as an ally
 26170 | Elf:3    | Entered Level 3 of the Elven Halls
 26179 | Elf:3    | Reached skill level 15 in Armour
 26194 | Elf:3    | Reached XP level 17. HP: 142/142 MP: 28/28
 26354 | Elf:3    | Noticed a deep elf blademaster
 26355 | Elf:3    | Noticed a deep elf blademaster
 26357 | Elf:3    | Killed a deep elf blademaster
 26357 | Elf:3    | Reached skill level 15 in Shields
 26364 | Elf:3    | Killed a deep elf blademaster
 26379 | Elf:3    | Noticed an Executioner
 26381 | Elf:3    | Noticed a deep elf master archer
 26382 | Elf:3    | Noticed a Tzitzimitl
 26385 | Elf:3    | Noticed a deep elf master archer
 26393 | Elf:3    | Your ally Nordag died
 26399 | Elf:3    | Your ally Wargrak died
 26399 | Elf:3    | Your ally Morun died
 26426 | Elf:3    | Your ally died
 26563 | Elf:3    | Your ally Warrok died
 26563 | Elf:3    | Banished a deep elf master archer
 26563 | Elf:3    | Reached skill level 16 in Invocations
 26567 | Elf:3    | Killed a deep elf master archer
 26650 | Elf:3    | Gained Bogwald as an ally
 26715 | Elf:3    | Your ally Argrim died
 26765 | Elf:3    | Noticed a Tzitzimitl
 26768 | Elf:3    | Noticed a Hell Sentinel
 27006 | Elf:3    | Identified the Catalogue of Dusty Evil
 27021 | Elf:3    | Identified the ring "Venost" {rC+ MR+} (You found it on
                  | level 3 of the Elven Halls)
 27028 | Elf:3    | Identified Sif Muna's Incunabulum of Feathery Enchantment
 27045 | Elf:3    | Identified the +5 hunting sling "Kutid" {velocity, rElec}
                  | (You found it on level 3 of the Elven Halls)
 27051 | Elf:3    | Identified the +3 glaive of Qujaol {chop, +Inv rN+ Str+2
                  | Dex+3} (You found it on level 3 of the Elven Halls)
 27144 | Elf:3    | Identified the Volume of Igneous Transmutation
 27491 | Elf:3    | Your ally Bogwald died
 27527 | Elf:3    | Found a bloodstained altar of Trog.
 28374 | Swamp:1  | Entered Level 1 of the Swamp
 28565 | Swamp:1  | Noticed Louise
 28576 | Swamp:1  | Killed Louise
 28680 | Swamp:1  | Found a glowing silver altar of Zin.
 29196 | Swamp:2  | Reached XP level 18. HP: 153/153 MP: 30/30
 29219 | Swamp:2  | Identified the +4 demon whip of the Onslaught {venom,
                  | *Noise Str+5}
 29219 | Swamp:2  | Noticed Zatibaps's ghost (journeyman FeVM)
 29220 | Swamp:2  | Identified the +1 trident "Vemeocorr" {vamp, Dex+2 Stlth+}
 29224 | Swamp:2  | Identified the +3 demon whip of Malaise {venom, Str+3}
 29232 | Swamp:2  | Found a bloodstained altar of Trog.
 29251 | Swamp:2  | Found a transporter.
 29280 | Swamp:2  | Found a transporter.
 29403 | Swamp:2  | Gained Morguth as an ally
 29403 | Swamp:2  | Reached skill level 15 in Long Blades
 29405 | Swamp:2  | Reached skill level 17 in Invocations
 29752 | Swamp:2  | Killed Zatibaps's ghost
 29763 | Swamp:2  | Your ally Bogric died
 29763 | Swamp:2  | Your ally Arkwar died
 29923 | Swamp:3  | Noticed Nikola
 29957 | Swamp:3  | Killed Nikola
 30126 | Swamp:3  | Found a runed translucent door.
 30127 | Swamp:3  | Found a shimmering altar of Xom.
 30127 | Swamp:3  | Noticed tyn's ghost (journeyman DrBe)
 30140 | Swamp:3  | Gained Wulfoc as an ally
 30164 | Swamp:3  | Killed tyn's ghost
 30660 | Swamp:4  | Entered Level 4 of the Swamp
 30960 | Swamp:4  | Your ally Morguth died
 31000 | Swamp:4  | Got a decaying rune of Zot
 31786 | Spider:1 | Entered Level 1 of the Spider Nest
 31870 | Spider:1 | Noticed Jorgrun
 31881 | Spider:1 | Killed Jorgrun
 31946 | Spider:1 | Noticed Azrael
 31954 | Spider:1 | Killed Azrael
 32503 | Spider:2 | Reached skill level 18 in Invocations
 32939 | Spider:3 | Reached XP level 19. HP: 117/161 MP: 32/32
 33520 | Spider:3 | Got a bloodstained ring mail
 33531 | Spider:3 | Identified the cursed +0 ring mail of the Empire {Str+4}
                  | (You found it on level 3 of the Spider Nest)
 33960 | Spider:4 | Entered Level 4 of the Spider Nest
 34089 | Spider:4 | Reached skill level 1 in Dodging
 34420 | Spider:4 | Got a gossamer rune of Zot
 35382 | Depths:1 | Entered Level 1 of the Depths
 35674 | Depths:1 | Reached skill level 19 in Invocations
 35843 | Depths:1 | Found a gateway to Hell.
 35889 | Depths:1 | Found Maufalur's Magic Scroll Emporium.
 35957 | Depths:1 | Bought a scroll of enchant weapon for 157 gold pieces
 35957 | Depths:1 | Bought a scroll of identify for 42 gold pieces
 35957 | Depths:1 | Bought a scroll of identify for 42 gold pieces
 35957 | Depths:1 | Bought a scroll of magic mapping for 73 gold pieces
 35957 | Depths:1 | Bought a scroll of random uselessness for 21 gold pieces
 35957 | Depths:1 | Found Koenk's Magic Scroll Shoppe.
 36027 | Depths:1 | Reached XP level 20. HP: 171/171 MP: 33/33
 36038 | Depths:1 | Bought a scroll of magic mapping for 59 gold pieces
 36038 | Depths:1 | Bought a scroll of enchant armour for 127 gold pieces
 36038 | Depths:1 | Bought a scroll of enchant weapon for 127 gold pieces
 36038 | Depths:1 | Bought a scroll of enchant weapon for 127 gold pieces
 36259 | Depths:1 | Identified the +6 dagger of Sudden Death {distort, Int+5}
                  | (You found it on level 1 of the Depths)
 36278 | Depths:1 | Found a runed translucent door.
 36280 | Depths:1 | Noticed an ancient lich
 36285 | Depths:1 | Found a radiant altar of Vehumet.
 36418 | Depths:2 | Identified a scroll of acquirement
 36424 | Depths:2 | Identified the +0 helmet "Meoqis" {rN+ Str+2} (You acquired
                  | it on level 2 of the Depths)
 36720 | Depths:2 | Reached skill level 5 in Dodging
 38494 | Depths:3 | You fall through a shaft!
 38496 | Depths:4 | Noticed a golden dragon
 38506 | Depths:4 | Killed a golden dragon
 38524 | Depths:4 | Reached skill level 20 in Invocations
 38712 | Depths:4 | You fall through a shaft!
 38712 | Depths:5 | Entered Level 5 of the Depths
 38732 | Depths:5 | Noticed a caustic shrike
 38732 | Depths:5 | Noticed a caustic shrike
 38732 | Depths:5 | Noticed a caustic shrike
 38741 | Depths:5 | Killed a caustic shrike
 38741 | Depths:5 | Reached XP level 21. HP: 121/180 MP: 35/35
 38744 | Depths:5 | Your ally Wulfoc died
 38746 | Depths:5 | Killed a caustic shrike
 38754 | Depths:5 | Killed a caustic shrike
 39349 | Depths:5 | Gained Ugbert as an ally
 39355 | Depths:5 | Gained Geork as an ally
 39466 | Depths:5 | Your ally Ugbert died
 39881 | Depths:4 | Found Qatwep's Jewellery Boutique.
 39881 | Depths:4 | Found Miallax's Gadget Shoppe.
 39898 | Depths:4 | Identified the +8 long sword "Wegyox" {slice, Str+2} (You
                  | found it on level 4 of the Depths)
 39931 | Depths:4 | Found Dazxew's Gadget Shoppe.
 39938 | Depths:4 | Bought a cursed amulet of inaccuracy for 44 gold pieces
 39938 | Depths:4 | Bought a +6 amulet of reflection for 1287 gold pieces
 40198 | Depths:4 | Found a one-way gate leading to the halls of Pandemonium.
 40355 | Depths:4 | Gained Borgoth as an ally
 40542 | Depths:3 | Noticed Sojobo
 40542 | Depths:3 | Noticed Boris
 40545 | Depths:3 | Noticed a caustic shrike
 40545 | Depths:3 | an iron giant changed into a caustic shrike
 40546 | Depths:3 | Your ally Borgoth died
 40547 | Depths:3 | a caustic shrike changed into a shadow dragon
 40552 | Depths:3 | Your ally Geork died
 40772 | Depths:3 | Gained Oreg as an ally
 40794 | Depths:3 | Your ally Oreg died
 40808 | Depths:3 | Reached skill level 21 in Invocations
 41170 | Depths:3 | Killed Boris
 42071 | Depths:3 | Killed Sojobo
 42071 | Depths:3 | Reached XP level 22. HP: 189/189 MP: 36/36
 42228 | Depths:3 | Noticed a golden dragon
 42228 | Depths:3 | a shadow dragon changed into a golden dragon
 42234 | Depths:3 | a golden dragon changed into a shadow dragon
 42249 | Depths:3 | Identified the cursed +0 shield "Uletwewn" {*Corrode rF++
                  | rN+ Dex+4} (You found it on level 3 of the Depths)
 42443 | Depths:3 | Identified the ring "Lifumitatie" {rCorr rF+} (You found it
                  | on level 3 of the Depths)
 42685 | Depths:3 | Gained mutation: Scrolls take you a little longer to read.
                  | [a neqoxec]
 42751 | Depths:4 | Bought an uncursed ring of flight for 385 gold pieces
 42777 | Depths:5 | Gained Gorbash as an ally
 42778 | Depths:5 | Your ally Gorbash died
 42791 | Depths:5 | Gained Okrist as an ally
 42806 | Depths:5 | Reached skill level 1 in Throwing
 42887 | Depths:5 | Your ally Okrist died
 43218 | Depths:5 | Found a gateway to a ziggurat.
 43259 | Depths:5 | Found a gate to the Realm of Zot.
 43384 | Depths:5 | Noticed a caustic shrike
 43393 | Depths:5 | Killed a caustic shrike
 43395 | Depths:5 | Noticed a caustic shrike
 43399 | Depths:5 | Killed a caustic shrike
 43399 | Depths:5 | Reached skill level 1 in Evocations
 43400 | Depths:5 | Noticed a caustic shrike
 43400 | Depths:5 | Noticed a caustic shrike
 43402 | Depths:5 | Noticed a caustic shrike
 43404 | Depths:5 | Killed a caustic shrike
 43415 | Depths:5 | Killed a caustic shrike
 43417 | Depths:5 | Killed a caustic shrike
 43705 | Depths:5 | Noticed Margery
 43719 | Depths:5 | Killed Margery
 43719 | Depths:5 | Reached skill level 22 in Invocations
 44297 | Vaults:1 | Entered Level 1 of the Vaults
 44639 | Vaults:1 | Gained Gorm as an ally
 44644 | Vaults:1 | Reached skill level 10 in Dodging
 44944 | Vaults:1 | Reached skill level 5 in Throwing
 45045 | Vaults:1 | Reached XP level 23. HP: 134/198 MP: 38/38
 45586 | Vaults:1 | Your ally Okrist died
 45798 | Vaults:1 | Reached skill level 5 in Evocations
 45999 | Vaults:2 | Gained Orbeogh as an ally
 46080 | Vaults:2 | Found a runed translucent door.
 46080 | Vaults:2 | Noticed Moagi's ghost (adept GnSk)
 46095 | Vaults:2 | Killed Moagi's ghost
 46178 | Vaults:2 | Killed Jory
 46191 | Vaults:2 | Your ally Okrist died
 46195 | Vaults:2 | Your ally Gorm died
 46196 | Vaults:2 | Your ally Gorbash died
 46197 | Vaults:2 | Your ally Orbeogh died
 46216 | Vaults:2 | Gained Boghold as an ally
 46216 | Vaults:2 | Your ally Boghold died
 46969 | Vaults:2 | Your ally Gorm died
 47180 | Vaults:2 | Found a staircase to the Crypt.
 47182 | Vaults:2 | Gained Gorm as an ally
 48127 | Vaults:3 | Reached skill level 23 in Invocations
 48136 | Vaults:3 | Your ally Gorm died
 48574 | Vaults:3 | Reached XP level 24. HP: 205/205 MP: 38/38
 48585 | Vaults:3 | Cast into level 3 of the Abyss (a deep elf demonologist)
 48893 | Abyss:3  | Paralysed by you for 5 turns
 49049 | Abyss:3  | Identified Ihyid's Handbook of the Escort (You found it on
                  | level 3 of the Abyss)
 49062 | Abyss:3  | Found a deep blue altar of Sif Muna.
 49167 | Abyss:3  | Gained Morbeogh as an ally
 49244 | Abyss:3  | Your ally Morbeogh died
 49251 | Abyss:3  | Gained Arbolt as an ally
 49308 | Abyss:3  | Your ally Arbolt died
 49389 | Abyss:3  | Gained Bogric as an ally
 49488 | Abyss:4  | Gained Oreg as an ally
 49488 | Abyss:4  | Gained Berold as an ally
 49808 | Abyss:4  | Gained Horkud as an ally
 49833 | Abyss:4  | Found a corrupted altar of Lugonu.
 49876 | Abyss:4  | Your ally Horkud died
 50027 | Abyss:4  | Gained mutation: You are very frail. (-20% HP) [a neqoxec]
 50028 | Abyss:4  | Gained mutation: Armour fits poorly on your strangely
                  | shaped body. [a neqoxec]
 50210 | Abyss:4  | Lost mutation: Scrolls take you a little longer to read.
                  | [potion of mutation]
 50210 | Abyss:4  | Lost mutation: You occasionally shout uncontrollably at
                  | your foes. [potion of mutation]
 50210 | Abyss:4  | Gained mutation: You are dopey. (Int -2) [potion of
                  | mutation]
 50210 | Abyss:4  | Gained mutation: You are partially covered in yellow
                  | scales. (AC +2) [potion of mutation]
 50211 | Abyss:4  | Lost mutation: You are very frail. (-20% HP) [potion of
                  | mutation]
 50211 | Abyss:4  | Lost mutation: Armour fits poorly on your strangely shaped
                  | body. [potion of mutation]
 50211 | Abyss:4  | Lost mutation: You are frail. (-10% HP) [potion of
                  | mutation]
 50211 | Abyss:4  | Gained mutation: You are frail. (-10% HP) [potion of
                  | mutation]
 50211 | Abyss:4  | Lost mutation: You are dopey. (Int -2) [potion of mutation]
 50211 | Abyss:4  | Lost mutation: You are frail. (-10% HP) [potion of
                  | mutation]
 50298 | Abyss:5  | Entered Level 5 of the Abyss
 50380 | Abyss:5  | Reached skill level 10 in Evocations
 50402 | Abyss:5  | Reached skill level 24 in Invocations
 50452 | Abyss:5  | Gained mutation: Your body sometimes deteriorates upon
                  | taking damage. [a neqoxec]
 50453 | Abyss:5  | Gained mutation: Scrolls take you much longer to read. [a
                  | neqoxec]
 50458 | Abyss:5  | Found a corrupted altar of Lugonu.
 50526 | Abyss:5  | Lost mutation: Your body sometimes deteriorates upon taking
                  | damage. [potion of mutation]
 50526 | Abyss:5  | Lost mutation: Scrolls take you a little longer to read.
                  | [potion of mutation]
 50526 | Abyss:5  | Gained mutation: You are clumsy. (Dex -2) [potion of
                  | mutation]
 50526 | Abyss:5  | Gained mutation: You have sharp fingernails. [potion of
                  | mutation]
 50526 | Abyss:5  | Gained mutation: You have a pair of small horns on your
                  | head. [potion of mutation]
 50526 | Abyss:5  | Gained mutation: You have an increased reservoir of magic.
                  | (+10% MP) [potion of mutation]
 50599 | Abyss:5  | Reached skill level 10 in Throwing
 50644 | Abyss:5  | Reached XP level 25. HP: 145/236 MP: 42/42
 50654 | Abyss:5  | Gained mutation: You tend to lose your temper in combat. [a
                  | neqoxec]
 50676 | Abyss:5  | Got a fine chain mail
 51011 | Abyss:5  | Gained Arkwar as an ally
 51096 | Abyss:5  | Found a corrupted altar of Lugonu.
 51129 | Abyss:5  | Got an abyssal rune of Zot
 51129 | Abyss:5  | Your ally Arkwar died
 51159 | Vaults:3 | Escaped the Abyss
 51694 | Vaults:3 | Gained Garbold as an ally
 51712 | Vaults:3 | Found a runed translucent door.
 51712 | Vaults:3 | Found a shimmering altar of Xom.
 51712 | Vaults:3 | Noticed Tang's ghost (master DsGl)
 51713 | Vaults:3 | Found the +3 sling "Punk" {acid, rCorr}
 51721 | Vaults:3 | Killed Tang's ghost
 52246 | Vaults:4 | Gained Olfik as an ally
 52367 | Vaults:4 | Found Ciattize's Antique Weapon Emporium.
 52420 | Vaults:4 | Your ally Olfik died
 54144 | Vaults:3 | Lost mutation: You are clumsy. (Dex -2) [potion of
                  | mutation]
 54144 | Vaults:3 | Lost mutation: You tend to lose your temper in combat.
                  | [potion of mutation]
 54144 | Vaults:3 | Lost mutation: You are partially covered in large bone
                  | plates. (SH +4) [potion of mutation]
 54144 | Vaults:3 | Gained mutation: Scrolls take you a little longer to read.
                  | [potion of mutation]
 54144 | Vaults:3 | Gained mutation: You are resistant to hostile enchantments.
                  | (MR+) [potion of mutation]
 54145 | Vaults:3 | Lost mutation: You have a pair of small horns on your head.
                  | [potion of mutation]
 54145 | Vaults:3 | Lost mutation: Scrolls take you a little longer to read.
                  | [potion of mutation]
 54145 | Vaults:3 | Gained mutation: You are agile. (Dex +2) [potion of
                  | mutation]
 54145 | Vaults:3 | Lost mutation: You have an increased reservoir of magic.
                  | (+10% MP) [potion of mutation]
 54145 | Vaults:3 | Gained mutation: You possess an exceptional clarity of
                  | mind. [potion of mutation]
 54145 | Vaults:3 | Gained mutation: You expend magic power (3 MP) to
                  | strengthen your wands. [potion of mutation]
 54163 | Vaults:3 | Identified the +1 chain mail "Naemusar" {rElec rC+ Slay+2}
                  | (You found it on level 5 of the Abyss)
 54529 | Depths:1 | Bought a scroll of torment for 127 gold pieces
 54930 | Vaults:5 | Entered Level 5 of the Vaults
 54957 | Vaults:5 | Reached skill level 25 in Invocations
 54957 | Vaults:5 | Reached XP level 26. HP: 151/244 MP: 39/39
 55240 | Vaults:5 | Gained Ognian as an ally
 55527 | Vaults:5 | Gained Alork as an ally
 55618 | Vaults:5 | Your ally Alork died
 56122 | Vaults:5 | Identified the +5 war axe of Ubeh {freeze, *Slow +Rage MR+
                  | Dex+6}
 56137 | Vaults:5 | Identified the ring of Impatience {rElec MP+9 Int+3 Dex+4
                  | Slay-6}
 56159 | Vaults:5 | Noticed an ancient lich
 56165 | Vaults:5 | Killed an ancient lich
 56370 | Vaults:5 | Identified the +3 whip "Suvis" {venom, Dex+6}
 57015 | Vaults:5 | Identified the ring of Foloyz {MP+9 Stlth-}
 57035 | Vaults:5 | Reached skill level 26 in Invocations
 57040 | Vaults:5 | Reached XP level 27. HP: 243/251 MP: 40/40
 57088 | Vaults:5 | Got a silver rune of Zot
 57500 | Vaults:5 | Got a smoking whip
 57501 | Vaults:5 | Identified the +6 whip "Koeh" {protect, Str+5 Dex+6} (You
                  | found it on level 5 of the Vaults)
 57574 | Vaults:5 | Got a crystal quarterstaff
 57580 | Vaults:5 | Identified the +1 quarterstaff "Cimucov" {drain, rElec
                  | Str+6} (You found it on level 5 of the Vaults)
 57864 | Vaults:5 | Got a steaming whip
 57865 | Vaults:5 | Identified the +8 whip of Poverty {freeze, *Slow Str+8
                  | Int+5} (You found it on level 5 of the Vaults)
 58320 | Depths:1 | Killed an ancient lich
 58334 | Depths:1 | Identified Aso Niublunn's Disquisition on Arcane Weapons
 58765 | Slime:1  | Entered Level 1 of the Pits of Slime
 59317 | Slime:2  | Reached skill level 15 in Dodging
 60027 | Slime:1  | Your ally Garbold died
 61303 | Slime:3  | Your ally Garbold died
 61849 | Slime:4  | Lost mutation: You possess an exceptional clarity of mind.
                  | [a shining eye]
 62399 | Slime:5  | Entered Level 5 of the Pits of Slime
 62550 | Slime:5  | Noticed Dissolution
 62565 | Slime:5  | Killed Dissolution
 62588 | Slime:5  | Noticed the Royal Jelly
 63253 | Slime:5  | Your ally Ognian died
 63259 | Slime:5  | Found a viscous altar of Jiyva.
 63265 | Slime:5  | Reached skill level 27 in Invocations
 63276 | Slime:5  | Killed the Royal Jelly
 63371 | Slime:5  | Found the +8 frozen axe "Frostbite" {freezing cloud, *Noise
                  | +Fly rC+}
 63446 | Slime:5  | Identified the Papyrus of Ignition and Displacement
 63485 | Slime:5  | Identified the +2 scale mail "Ruutau Pemm" {-Cast rN+++
                  | Str-5 Dex+5} (You found it on level 5 of the Pits of Slime)
 63511 | Slime:5  | Got a slimy rune of Zot
 63516 | Slime:5  | Identified the Collected Works on the Frostbite and the
                  | Arsonist
 63574 | Slime:5  | Got an iridescent broad axe
 63577 | Slime:5  | Identified the cursed +1 broad axe of Jikypnax {speed,
                  | Int+4} (You found it on level 5 of the Pits of Slime)
 64354 | Zot:1    | Entered Level 1 of the Realm of Zot
 64362 | Zot:1    | Noticed an orb of fire
 64381 | Zot:1    | Killed an orb of fire
 64394 | Zot:1    | Gained Zorug as an ally
 64450 | Zot:1    | Your ally Zorug died
 64483 | Zot:1    | Mangled by a golden dragon

Skill      XL: |  1  2  3  4  5  6  7  8  9 10 11 12 13 14 15 16 17 18 19 20 21 22 23 24 25 26 27 |
---------------+----------------------------------------------------------------------------------+-----
Axes           | 3 4 5 6 |  6.7
Fighting       | 4 5 6 7 8 10 11 12 13 14 15 16 17 18 19 20 21 | 21.4
Armour         | 4 5 6 8 9 10 11 12 13 14 15 16 17 18 | 18.9
Shields        | 4 5 6 8 9 10 11 12 13 14 15 | 15.0
Long Blades    | 2 4 6 8 9 10 11 12 13 14 15 16 17 18 | 18.9
Invocations    | 3 6 8 10 11 13 14 15 16 18 19 20 21 22 23 24 25 26 27 | 27.0
Dodging        | 4 6 8 10 11 12 13 14 17 | 17.2
Throwing       | 5 7 10 11 13 | 13.3
Evocations     | 4 7 10 12 13 14 | 14.0

Action                   |  1- 3 |  4- 6 |  7- 9 | 10-12 | 13-15 | 16-18 | 19-21 | 22-24 | 25-27 || total
-------------------------+-------+-------+-------+-------+-------+-------+-------+-------+-------++-------
Melee: War axe           |   131 |   243 |    85 |       |       |       |       |       |       ||   459
       Eudemon blade     |       |       |   208 |   354 |   677 |   673 |  1007 |  1368 |  1174 ||  5461
       Scimitar          |       |       |       |       |    21 |       |       |       |       ||    21
       Double sword      |       |       |       |       |    17 |    58 |       |       |       ||    75
       Headbutt          |       |       |       |       |       |       |       |    11 |   124 ||   135
 Fire: Blowgun           |       |       |     2 |       |       |       |       |       |       ||     2
Throw: Stone             |       |       |     6 |       |       |       |       |       |       ||     6
       Javelin           |       |       |     2 |     9 |     3 |     2 |    25 |     4 |    72 ||   117
Invok: Convert to Beogh  |       |       |     1 |       |       |       |       |       |       ||     1
       Smiting           |       |       |       |     3 |    13 |    20 |     8 |       |       ||    44
       Give Item to Name |       |       |       |     2 |     3 |     5 |     1 |     4 |     3 ||    18
       Recall Orcish Fol |       |       |       |     2 |    15 |    23 |    14 |    11 |    17 ||    82
       Resurrection      |       |       |       |       |       |       |       |     4 |     1 ||     5
       Stop Recall       |       |       |       |       |       |       |       |       |     1 ||     1
 Abil: Evoke Ratskin     |       |       |     1 |       |       |       |       |     1 |       ||     2
Evoke: Wand              |       |     3 |       |     2 |       |     2 |     4 |     6 |     2 ||    19
       Lamp of fire      |       |       |       |       |       |       |     2 |       |       ||     2
       Lightning rod     |       |       |       |       |       |       |     1 |       |       ||     1
  Use: Potion            |       |     1 |     6 |     1 |     4 |     4 |    12 |    11 |    13 ||    52
       Scroll            |       |       |     6 |     7 |    13 |    18 |    12 |     5 |    27 ||    88
 Stab: Distracted        |       |     1 |       |     1 |     2 |     5 |     5 |     8 |    12 ||    34
       Invisible         |       |       |     2 |     3 |       |       |       |     1 |     2 ||     8
       Paralysed         |       |       |       |       |       |       |       |     1 |     2 ||     3
  Eat: Chunk             |     2 |     9 |    18 |    12 |    19 |     7 |     7 |    22 |     9 ||   105
       Ration            |       |       |       |     1 |     6 |     6 |     7 |     2 |    12 ||    34
Armor: Scale mail        |    79 |   129 |   126 |    90 |   155 |       |       |       |       ||   579
       Plate armour      |       |       |       |       |    55 |       |       |       |       ||    55
       Chain mail        |       |       |       |       |     8 |   308 |   383 |   295 |   137 ||  1131
       Gold dragon scale |       |       |       |       |       |       |       |       |   225 ||   225
Dodge: Dodged            |    46 |    80 |   113 |   127 |   190 |   188 |   329 |   508 |   479 ||  2060
Block: Shield            |    88 |   131 |   168 |   177 |   337 |   552 |   842 |  1122 |   939 ||  4356
       Reflection        |       |       |       |       |       |       |    10 |    64 |    28 ||   102
       Other             |       |       |       |       |       |       |       |       |     2 ||     2
       Rpst.: Eudemon blade |       |       |    20 |    36 |    47 |    23 |    47 |    87 |    80 ||   340
       Scimitar          |       |       |       |       |     2 |       |       |       |       ||     2
       Double sword      |       |       |       |       |     1 |     1 |       |       |       ||     2
